 Dungeon Sprint DCSS version 0.28.0-53-g5a82cb258f (webtiles) character file.

Game seed: 15604090610424517190

4239 Zeld the Warrior (level 10, -4/108 HPs)
             Began as a Minotaur Berserker on June 7, 2022.
             Was a High Priest of Trog.
             Splashed by a jelly's acid (11 damage)
             ... in the Dungeon (Sprint I: "Red Sonja").
             The game lasted 00:02:51 (3647 turns).

Zeld the Warrior (Minotaur Berserker)               Turns: 3647, Time: 00:02:52

Health: -4/108     AC: -11   Str: 25    XL:     10   Next: 9%
Magic:  9/9        EV: 15    Int:  4    God:    Trog [*****.]
Gold:   905        SH:  0    Dex: 11    Spells: 9/9 levels left

rFire   . . .      SeeInvis .   a - +0 hand axe
rCold   . . .      Faith    .   (no shield)
rNeg    . . .      Spirit   .   j - +1 ring mail {rPois}
rPois   +          Reflect  .   (helmet restricted)
rElec   .          Harm     .   (no cloak)
rCorr   .          Rampage  .   (no gloves)
Will    .....      NoTele   +   (no boots)
Stlth   ..........              (no amulet)
HPRegen 0.28/turn               (no ring)
MPRegen 0.11/turn               (no ring)

@: corroded, very slow
A: horns 2, retaliatory headbutt
a: Renounce Religion, Berserk, Trog's Hand, Brothers in Arms


You were in the Dungeon.
You worshipped Trog.
Trog was extremely pleased with you.
You visited 1 branch You collected 1061 gold pieces.
You spent 156 gold pieces at shops.

Inventory:

Hand Weapons
 a - a +0 hand axe (weapon)
Armour
 j - a +1 ring mail of poison resistance (worn)
Wands
 i - a wand of polymorph (1)
Scrolls
 b - a scroll of magic mapping {unknown}
 k - 4 scrolls of identify {unknown}
Potions
 c - 5 potions of curing
 d - a potion of heal wounds
 e - a potion of haste
 f - 2 potions of magic
 g - a potion of berserk rage


   Skills:
 * Level 16.7 Fighting
 - Level 14.0 Axes
 + Level 12.0 Armour
 + Level 11.0 Dodging
 + Level 7.0 Evocations


You had 9 spell levels left.
You didn't know any spells.
Your spell library was empty.

Dungeon Overview and Level Annotations

Branches:
Dungeon (1/1)

Altars:
Cheibriados
Dithmenos
Elyvilon
Fedhas
Gozag
Hepliaklqana
Kikubaaqudgha
Makhleb
Nemelex Xobeh
Okawaru
Qazlal
Ru
Sif Muna
Trog
Uskayaw
Vehumet
Wu Jian
Xom
Yredelemnul
Zin
The Shining One
Jiyva
Lugonu

Shops:
D ([[


Innate Abilities, Weirdness & Mutations

You have a pair of horns on your head.
You reflexively headbutt those who attack you in melee.


Message History

The jelly barely misses you. You furiously retaliate!
You headbutt the jelly.
You hear a distant slurping noise.
You see here a redback corpse.
There is an open door here.
There is an open door here.
You hit the jelly but do no damage.
Your hands burn!
You headbutt the jelly, but do no damage.
The jelly is almost dead.
You hit the jelly but do no damage.
Your hands burn!
You headbutt the jelly.
The jelly is almost dead.
The jelly closely misses you. You furiously retaliate!
You headbutt the jelly, but do no damage.
You hit the jelly but do no damage. The acid corrodes you!
Your hands burn!
* * * LOW HITPOINT WARNING * * *
You headbutt the jelly.
You kill the jelly!
Trog accepts your kill.
Your Evocations skill increases to level 7!
You open the door.
There is an open door here.
You hit the jelly but do no damage.
Your hands burn!
* * * LOW HITPOINT WARNING * * *
The jelly is heavily wounded.
The jelly misses you. You furiously retaliate!
You headbutt the jelly, but do no damage.
You enter the shallow water.
Moving in this stuff is going to be slow.
The jelly closely misses you. The jelly hits you.
* * * LOW HITPOINT WARNING * * *
You are splashed with acid!
* * * LOW HITPOINT WARNING * * *
You open the door. The jelly hits you.
* * * LOW HITPOINT WARNING * * *
You are splashed with acid!
* * * LOW HITPOINT WARNING * * *
The jelly hits you.
* * * LOW HITPOINT WARNING * * *
The acid corrodes you!
You are splashed with acid!
You die...

##########################
#<.#..)..#..'..#__#..')..#
#..)..#..').#..'..'..#)..#
#..#####'#####'#__####...+
#..####..#...#.####.(#####
#..#__####..##[#§J≈§)#..#
#..#_____##'#_.'@J§.§'J.#
#⌠⌠#_.∩[..'.)._#§§§.)#..#
####_..__##_.#'##§#####'###
#_____###'#.#.§§.###.'.#
############.####'###.###†#
#∩........'...'.....'(∩##.#
###++++####...###########.#
###.### #J# #.#'#.# .§#


You could see 2 jellies.

Vanquished Creatures
  2 centaur warriors (D)
  A deep troll (D)
  An oklob plant (D)
  A cane toad (D)
  2 kobold demonologists (D)
  A hornet (D)
  A slime creature (D)
  Sigmund (D)
  A yak (D)
  2 redbacks (D)
  2 floating eyes (D)
  An ogre (D)
  4 jellies (D)
  Ijyb (D)
21 creatures vanquished.

Vanquished Creatures (others)
  2 ballistomycete spores (D)
2 creatures vanquished.

Grand Total: 23 creatures vanquished

Notes
Turn   | Place    | Note
-------+----------+-------------------------------------------
     0 | D        | Zeld the Minotaur Berserker began the quest for the Orb.
     0 | D        | Reached XP level 1. HP: 19/19 MP: 0/0
     2 | D        | Noticed Ijyb
    18 | D        | Killed Ijyb
    19 | D        | Reached skill level 5 in Fighting
    19 | D        | Reached skill level 5 in Axes
    19 | D        | Reached XP level 2. HP: 29/29 MP: 1/1
   158 | D        | Noticed an ogre
   162 | D        | Killed an ogre
   163 | D        | Reached skill level 7 in Fighting
   163 | D        | Reached XP level 3. HP: 8/39 MP: 2/2
   163 | D        | Reached XP level 4. HP: 10/47 MP: 3/3
   592 | D        | Noticed Sigmund
   601 | D        | Killed Sigmund
   601 | D        | Reached ** piety under Trog
   602 | D        | Reached skill level 9 in Fighting
   602 | D        | Reached skill level 5 in Dodging
   602 | D        | Reached XP level 5. HP: 57/57 MP: 4/4
   796 | D        | Found a burning altar of Makhleb.
   796 | D        | Found a viscous altar of Jiyva.
   796 | D        | Found a shimmering altar of Xom.
   796 | D        | Found a corrupted altar of Lugonu.
   796 | D        | Noticed a slime creature
   802 | D        | Killed a slime creature
   803 | D        | Reached skill level 10 in Fighting
   803 | D        | Reached skill level 10 in Axes
   803 | D        | Reached XP level 6. HP: 55/67 MP: 5/5
   987 | D        | Found an ornate altar of the Wu Jian Council.
   987 | D        | Found a shimmering blue altar of Sif Muna.
   989 | D        | Found a radiant altar of Vehumet.
  1183 | D        | Found Tisowimu's Armour Emporium.
  1183 | D        | Found an ancient bone altar of Kikubaaqudgha.
  1183 | D        | Found a hazy altar of Hepliaklqana.
  1183 | D        | Found a hide-covered altar of Uskayaw.
  1183 | D        | Found a basalt altar of Yredelemnul.
  1183 | D        | Found an opulent altar of Gozag.
  1183 | D        | Found a snail-covered altar of Cheibriados.
  1183 | D        | Found a sacrificial altar of Ru.
  1183 | D        | Found a shadowy altar of Dithmenos.
  1183 | D        | Noticed a yak
  1188 | D        | Killed a yak
  1189 | D        | Reached skill level 11 in Fighting
  1189 | D        | Reached XP level 7. HP: 74/74 MP: 6/6
  1324 | D        | Found a stormy altar of Qazlal.
  1324 | D        | Found a blossoming altar of Fedhas.
  1324 | D        | Found a bloodstained altar of Trog.
  1324 | D        | Found an iron altar of Okawaru.
  1324 | D        | Found a glowing golden altar of the Shining One.
  1324 | D        | Found a glowing silver altar of Zin.
  1324 | D        | Found a white marble altar of Elyvilon.
  1448 | D        | Found a sparkling altar of Nemelex Xobeh.
  1554 | D        | Bought a +1 ring mail of poison resistance for 156 gold
                  | pieces
  1594 | D        | Noticed a kobold demonologist
  1594 | D        | Noticed a kobold demonologist
  1599 | D        | Reached skill level 1 in Evocations
  1602 | D        | Killed a kobold demonologist
  1602 | D        | Reached *** piety under Trog
  1603 | D        | Reached skill level 12 in Fighting
  1605 | D        | Killed a kobold demonologist
  1606 | D        | Reached XP level 8. HP: 85/85 MP: 7/7
  1735 | D        | Noticed Sonja
  1738 | D        | Noticed Sonja
  1738 | D        | Sonja changed into Sonja the cane toad
  1742 | D        | Killed Sonja the cane toad
  1743 | D        | Reached skill level 13 in Fighting
  2427 | D        | Noticed a deep troll
  2438 | D        | Killed a deep troll
  2438 | D        | Reached **** piety under Trog
  2439 | D        | Reached skill level 14 in Fighting
  2439 | D        | Reached skill level 10 in Armour
  2439 | D        | Reached XP level 9. HP: 43/95 MP: 8/8
  2449 | D        | Found Sumam's Armour Emporium.
  2853 | D        | Found Iklouss's Antique Weapon Boutique.
  2889 | D        | Noticed a centaur warrior
  2889 | D        | Noticed a centaur warrior
  2895 | D        | Killed a centaur warrior
  2896 | D        | Reached skill level 15 in Fighting
  2896 | D        | Reached skill level 5 in Evocations
  2898 | D        | Killed a centaur warrior
  2899 | D        | Reached skill level 10 in Dodging
  3372 | D        | Noticed an oklob plant
  3392 | D        | Killed an oklob plant
  3393 | D        | Reached skill level 16 in Fighting
  3553 | D        | Reached XP level 10. HP: 108/108 MP: 9/9
  3561 | D        | Reached ***** piety under Trog
  3647 | D        | Splashed by a jelly's acid

Illustrated notes

Levels and vault maps discovered:
D:        dungeon_sprint_1 [red_sonja_temple_1, red_sonja_temple_small_1]

Skill      XL: |  1  2  3  4  5  6  7  8  9 10 |
---------------+-------------------------------+-----
Fighting       | 5 7 9 10 11 12 14 16 | 16.7
Axes           | 5 7 9 10 11 12 14 | 14.0
Armour         | 3 4 6 7 9 10 11 12 | 12.0
Dodging        | 3 4 5 6 7 8 9 10 11 | 11.0
Evocations     | 3 4 6 7 |  7.0

Action                   |  1- 3 |  4- 6 |  7- 9 | 10-12 || total
-------------------------+-------+-------+-------+-------++-------
Melee: Hand axe          |    15 |    21 |    60 |    18 ||   114
       Headbutt          |       |     3 |    12 |     8 ||    23
       Punch             |       |     1 |     2 |     1 ||     4
Invok: Berserk           |     2 |     3 |     4 |       ||     9
       Trog's Hand       |       |       |     1 |       ||     1
Evoke: Wand              |       |       |     3 |       ||     3
  Use: Scroll            |       |       |     1 |       ||     1
Armor: Skin              |     7 |       |       |       ||     7
       Ring mail         |       |       |    18 |       ||    18
Dodge: Dodged            |     1 |     4 |    20 |    13 ||    38
